ESL (28 & UNDER)
READING RAINBOWS @ RIO GRANDE RATTLESNAKE
09/17/2029
 
TOP OF THE 1ST
Reading Rainbows batting - Pitching for Rio Grande Rattlesnake : RHP Miguel Yan
Pitching: RHP Miguel Yan
Batting: LHB Ramón Morán 0-0: Ball
1-0: SINGLE (Groundball, 34D)
Batting: RHB José Moreno 0-0: Fly out, F3 (Popup, 23F)
Batting: RHB Allen Hobbs 0-0: Foul Ball, location: 2F
0-1: Foul Ball, location: 2F
0-2: Ball
1-2: Ball
2-2: Ball
3-2: Foul Ball, location: 2F
3-2: Foul Ball, location: 2F
3-2: Foul Ball, location: 2F
3-2: Base on Balls
Ramón Morán to second
Batting: RHB Ethan Moore 0-0: Called Strike
0-1: Ball
1-1: Called Strike
1-2: Strikes out swinging
Batting: SHB Travis Martin 0-0: Ball
1-0: Ball
2-0: Called Strike
2-1: Called Strike
2-2: Strikes out swinging
Top of the 1st over - 0 runs, 1 hit, 0 errors, 2 left on base; Reading 0 - Rio Grande 0
BOTTOM OF THE 1ST
Rio Grande Rattlesnake batting - Pitching for Reading Rainbows : RHP Conrad Wilkinson
Pitching: RHP Conrad Wilkinson
Batting: LHB Shawn Brown 0-0: Foul Ball, location: 2F
0-1: Swinging Strike
0-2: Fly out, F7 (Flyball, 78D)
Batting: RHB Doug Delaney 0-0: Foul Ball, location: 2F
0-1: Foul Ball, location: 2F
0-2: Foul Ball, location: 2F
0-2: SINGLE (Line Drive, 34)
Batting: SHB Luis López 0-0: Called Strike
0-1: Ball
1-1: Ball
2-1: DOUBLE (Flyball, 78D)
Doug Delaney to third
Batting: LHB Clayton Bailey 0-0: Ball
1-0: Foul Ball, location: 2F
1-1: Foul Ball, location: 2F
1-2: Ball
Wild Pitch!
Doug Delaney scores
Luis López to third
2-2: Ball
3-2: Base on Balls
Batting: SHB Arnold Moore 0-0: Called Strike
0-1: Fly out, F4 (Line Drive, 4)
Batting: RHB Matt Dickson 0-0: Ball
1-0: Foul Ball, location: 2F
1-1: Ball
2-1: Fielders Choice at 2nd, 6-4 (Groundball, 6)
Bottom of the 1st over - 1 run, 2 hits, 0 errors, 2 left on base; Reading 0 - Rio Grande 1
TOP OF THE 2ND
Reading Rainbows batting - Pitching for Rio Grande Rattlesnake : RHP Miguel Yan
Batting: RHB Edmund Swanson 0-0: Foul Ball, location: 2F
0-1: Fly out, F9 (Flyball, 9D)
Batting: LHB Ryan Flynn 0-0: Ball
1-0: Ball
2-0: Ball
3-0: Base on Balls
Batting: LHB Dennis McConnell 0-0: Ball
1-0: Foul Ball, location: 2F
1-1: Ball
Ryan Flynn steals 2nd base
2-1: Foul Ball, location: 2F
2-2: Strikes out looking
Batting: SHB Johnny Jackson 0-0: SINGLE (Line Drive, 89S)
Ryan Flynn to third
Runner from 3rd tries for Home, SAFE, no throw
Batting: LHB Ramón Morán 0-0: SINGLE (Groundball, 4D)
Johnny Jackson to second
Runner from 2nd tries for 3rd, SAFE, no throw
Batting: RHB José Moreno 0-0: Called Strike
0-1: Called Strike
0-2: Ball
1-2: Ball
2-2: Foul Ball, location: 2F
2-2: SINGLE (Groundball, 6MD)
Johnny Jackson scores
Ramón Morán to second
Runner from 2nd tries for 3rd, OUT!
Top of the 2nd over - 2 runs, 3 hits, 0 errors, 1 left on base; Reading 2 - Rio Grande 1
BOTTOM OF THE 2ND
Rio Grande Rattlesnake batting - Pitching for Reading Rainbows : RHP Conrad Wilkinson
Batting: RHB Geomar Dalsoglio 0-0: Ground out 5-3 (Groundball, 56S)
Batting: RHB José Méndez 0-0: Ball
1-0: Foul Ball, location: 2F
1-1: Foul Ball, location: 2F
1-2: Ball
2-2: Ball
3-2: Foul Ball, location: 2F
3-2: Foul Ball, location: 2F
3-2: Base on Balls
Batting: LHB Alberto Roberts 0-0: DOUBLE (Line Drive, 9LM)
José Méndez to third
Batting: LHB Shawn Brown 0-0: Ball
1-0: Called Strike
1-1: Ball
2-1: Foul Ball, location: 2F
2-2: Foul Ball, location: 2F
2-2: DOUBLE (Flyball, 8LXD)
José Méndez scores
Alberto Roberts scores
Batting: RHB Doug Delaney 0-0: Ball
1-0: Foul Ball, location: 2F
1-1: Foul Ball, location: 2F
1-2: Foul Ball, location: 2F
1-2: Ball
2-2: Foul Ball, location: 2F
2-2: Ground out 3-1 (Groundball, 34)
Shawn Brown to third
Batting: SHB Luis López 0-0: Ball
1-0: Ball
2-0: SINGLE (Flyball, 9LM)
Shawn Brown scores
Batting: LHB Clayton Bailey 0-0: Ball
1-0: Ground out 1-3 (Groundball, 15S)
Bottom of the 2nd over - 3 runs, 3 hits, 0 errors, 1 left on base; Reading 2 - Rio Grande 4
TOP OF THE 3RD
Reading Rainbows batting - Pitching for Rio Grande Rattlesnake : RHP Miguel Yan
Batting: RHB Allen Hobbs 0-0: Called Strike
0-1: Ball
1-1: Ball
2-1: SINGLE (Line Drive, 56D)
Batting: RHB Ethan Moore 0-0: Ball
1-0: Swinging Strike
1-1: Called Strike
1-2: Strikes out looking
Batting: SHB Travis Martin 0-0: Ball
1-0: Ball
2-0: Grounds into double play, 6-4-3 (Groundball, 6)
Top of the 3rd over - 0 runs, 1 hit, 0 errors, 0 left on base; Reading 2 - Rio Grande 4
BOTTOM OF THE 3RD
Rio Grande Rattlesnake batting - Pitching for Reading Rainbows : RHP Conrad Wilkinson
Batting: SHB Arnold Moore 0-0: Ball
1-0: Called Strike
1-1: Swinging Strike
1-2: Ball
2-2: Ball
3-2: Base on Balls
Batting: RHB Matt Dickson 0-0: TRIPLE (Flyball, 8LXD)
Arnold Moore scores
Pitching: RHP Coy Torres
Batting: RHB Geomar Dalsoglio 0-0: Ground out 4-3 (Groundball, 4)
Matt Dickson scores
Batting: RHB José Méndez 0-0: Called Strike
0-1: SINGLE (Flyball, 8LS)
Batting: LHB Alberto Roberts 0-0: DOUBLE (Flyball, 78D)
José Méndez to third
Batting: LHB Shawn Brown 0-0: Called Strike
0-1: SINGLE (Line Drive, 8RS)
José Méndez scores
Alberto Roberts to third
Runner from 3rd tries for Home, SAFE, throw made home
Batting: RHB Doug Delaney 0-0: Ball
1-0: Foul Ball, location: 2F
1-1: Ball
2-1: Foul Ball, location: 2F
2-2: Ground out U3 (Groundball, 3)
Shawn Brown to second
Batting: SHB Luis López 0-0: Called Strike
0-1: Ball
1-1: Ground out 5-3 (Groundball, 25)
Bottom of the 3rd over - 4 runs, 4 hits, 0 errors, 1 left on base; Reading 2 - Rio Grande 8
TOP OF THE 4TH
Reading Rainbows batting - Pitching for Rio Grande Rattlesnake : RHP Miguel Yan
Batting: RHB Edmund Swanson 0-0: Swinging Strike
0-1: Ball
1-1: Ball
2-1: Ball
3-1: Base on Balls
Batting: LHB Ryan Flynn 0-0: Ball
1-0: Called Strike
1-1: Called Strike
1-2: Ball
2-2: Ball
3-2: Strikes out swinging
Batting: LHB Dennis McConnell 0-0: Called Strike
0-1: Ball
1-1: Ball
2-1: Ball
3-1: Called Strike
3-2: Strikes out swinging
Batting: SHB Johnny Jackson 0-0: Ball
1-0: Swinging Strike
1-1: Swinging Strike
1-2: Ball
2-2: Strikes out swinging
Top of the 4th over - 0 runs, 0 hits, 0 errors, 1 left on base; Reading 2 - Rio Grande 8
BOTTOM OF THE 4TH
Rio Grande Rattlesnake batting - Pitching for Reading Rainbows : RHP Coy Torres
Batting: LHB Clayton Bailey 0-0: Called Strike
0-1: Ball
1-1: SINGLE (Flyball, 7S)
Batting: SHB Arnold Moore 0-0: Ball
1-0: Foul Ball, location: 2F
1-1: Called Strike
1-2: Ball
2-2: Foul Ball, location: 2F
2-2: Ball
3-2: Fly out, F5 (Popup, 5F)
Batting: RHB Matt Dickson 0-0: Swinging Strike
Passed Ball!
Clayton Bailey to second
0-1: Ground out 5-3 (Groundball, 5)
Batting: RHB Geomar Dalsoglio 0-0: Called Strike
0-1: Ball
1-1: Ball
2-1: Foul Ball, location: 2F
2-2: Strikes out swinging
Bottom of the 4th over - 0 runs, 1 hit, 0 errors, 1 left on base; Reading 2 - Rio Grande 8
TOP OF THE 5TH
Reading Rainbows batting - Pitching for Rio Grande Rattlesnake : RHP Miguel Yan
Batting: LHB Ramón Morán 0-0: Ground out U3 (Groundball, 3)
Batting: RHB José Moreno 0-0: Ball
1-0: Foul Ball, location: 2F
1-1: Foul Ball, location: 2F
1-2: Strikes out looking
Batting: RHB Allen Hobbs 0-0: Called Strike
0-1: Swinging Strike
0-2: Strikes out swinging
Top of the 5th over - 0 runs, 0 hits, 0 errors, 0 left on base; Reading 2 - Rio Grande 8
BOTTOM OF THE 5TH
Rio Grande Rattlesnake batting - Pitching for Reading Rainbows : RHP Coy Torres
Batting: RHB José Méndez 0-0: SINGLE (Flyball, 8LS)
Batting: LHB Alberto Roberts 0-0: Fly out, F7 (Flyball, 7S)
Batting: LHB Shawn Brown 0-0: Foul Ball, location: 2F
0-1: Ball
1-1: SINGLE (Groundball, 6D)
José Méndez to second
Batting: RHB Doug Delaney 0-0: Fly out, F4 (Popup, 4)
Batting: SHB Luis López 0-0: Ball
1-0: Called Strike
1-1: Ball
2-1: Ball
3-1: Foul Ball, location: 2F
3-2: Base on Balls
José Méndez to third
Shawn Brown to second
Batting: LHB Clayton Bailey 0-0: Ball
1-0: Swinging Strike
1-1: Called Strike
1-2: Foul Ball, location: 2F
1-2: Foul Ball, location: 2F
1-2: Ball
2-2: Strikes out swinging
Bottom of the 5th over - 0 runs, 2 hits, 0 errors, 3 left on base; Reading 2 - Rio Grande 8
TOP OF THE 6TH
Reading Rainbows batting - Pitching for Rio Grande Rattlesnake : RHP Miguel Yan
Batting: RHB Ethan Moore 0-0: Ball
1-0: Swinging Strike
1-1: Ball
2-1: Foul Ball, location: 2F
2-2: Strikes out swinging
Batting: SHB Travis Martin 0-0: Called Strike
0-1: Ball
1-1: Ball
2-1: Fly out, F6 (Flyball, 56D)
Batting: RHB Edmund Swanson 0-0: Called Strike
0-1: Foul Ball, location: 2F
0-2: Ball
1-2: Strikes out swinging
Top of the 6th over - 0 runs, 0 hits, 0 errors, 0 left on base; Reading 2 - Rio Grande 8
BOTTOM OF THE 6TH
Rio Grande Rattlesnake batting - Pitching for Reading Rainbows : RHP Coy Torres
Batting: SHB Arnold Moore 0-0: Swinging Strike
0-1: Ball
1-1: Foul Ball, location: 2F
1-2: Ball
2-2: SINGLE (Line Drive, 8RS)
Pitching: LHP Jorge Torres
Batting: RHB Matt Dickson 0-0: Called Strike
0-1: Called Strike
0-2: Ball
1-2: Ball
2-2: Strikes out swinging
Batting: RHB Geomar Dalsoglio 0-0: Ball
1-0: Ball
2-0: Ball
3-0: Base on Balls
Arnold Moore to second
Batting: RHB José Méndez 0-0: Ball
1-0: Called Strike
1-1: Fly out, F9 (Flyball, 9D)
Runner from 2nd tags up, SAFE at 3rd, no throw
Batting: LHB Alberto Roberts 0-0: Called Strike
0-1: Foul Ball, location: 2F
0-2: Ball
1-2: Ball
2-2: Reached on error, E3 (Groundball, 34S)
Arnold Moore scores
Geomar Dalsoglio to second
Batting: LHB Shawn Brown 0-0: Ball
1-0: Foul Ball, location: 2F
1-1: Called Strike
1-2: Strikes out swinging
Bottom of the 6th over - 1 run, 1 hit, 1 error, 2 left on base; Reading 2 - Rio Grande 9
TOP OF THE 7TH
Reading Rainbows batting - Pitching for Rio Grande Rattlesnake : RHP Miguel Yan
Batting: LHB Ryan Flynn 0-0: Ball
1-0: Ball
2-0: Ball
3-0: Called Strike
3-1: Called Strike
3-2: Strikes out swinging
Batting: LHB Dennis McConnell 0-0: Ball
1-0: Ball
2-0: Swinging Strike
2-1: Ball
3-1: Base on Balls
Batting: SHB Johnny Jackson 0-0: Called Strike
0-1: Foul Ball, location: 2F
0-2: Foul Ball, location: 2F
0-2: Strikes out swinging
Dennis McConnell steals 2nd base
Batter strikes out.
Batting: LHB Ramón Morán 0-0: Called Strike
0-1: Ball
1-1: Called Strike
1-2: Ball
2-2: Ground out 6-3 (Groundball, 56)
Top of the 7th over - 0 runs, 0 hits, 0 errors, 1 left on base; Reading 2 - Rio Grande 9
BOTTOM OF THE 7TH
Rio Grande Rattlesnake batting - Pitching for Reading Rainbows : LHP Jorge Torres
Batting: RHB Doug Delaney 0-0: Ball
1-0: Foul Ball, location: 2F
1-1: Ball
2-1: Ball
3-1: Base on Balls
Batting: SHB Luis López 0-0: Ball
1-0: Foul Ball, location: 2F
1-1: Fly out, F6 (Popup, 6D)
Batting: LHB Clayton Bailey 0-0: Called Strike
0-1: Ball
1-1: Called Strike
1-2: Ball
2-2: Foul Ball, location: 2F
2-2: Ball
3-2: Strikes out swinging
Doug Delaney is caught stealing 2nd base
Batter strikes out.
Bottom of the 7th over - 0 runs, 0 hits, 0 errors, 0 left on base; Reading 2 - Rio Grande 9
TOP OF THE 8TH
Reading Rainbows batting - Pitching for Rio Grande Rattlesnake : RHP Miguel Yan
Pitching: RHP José Amaya
Now at 1B: Paul Martin
Batting: RHB José Moreno 0-0: Ball
1-0: Called Strike
1-1: Swinging Strike
1-2: Ball
2-2: Foul Ball, location: 2F
2-2: Foul Ball, location: 2F
2-2: Foul Ball, location: 2F
2-2: Foul Ball, location: 2F
2-2: Ball
3-2: Base on Balls
Batting: RHB Allen Hobbs 0-0: Ball
1-0: Ball
2-0: Foul Ball, location: 2F
2-1: Ball
3-1: SINGLE (Groundball, 25) (infield hit)
José Moreno to second
Batting: RHB Ethan Moore 0-0: Ball
1-0: Called Strike
1-1: Ball
2-1: Swinging Strike
2-2: DOUBLE (Line Drive, 78XD)
José Moreno scores
Allen Hobbs to third
Batting: SHB Travis Martin 0-0: Called Strike
0-1: Swinging Strike
0-2: Foul Ball, location: 2F
0-2: Ball
Wild Pitch!
Allen Hobbs scores
Ethan Moore to third
1-2: Hit by Pitch
Batting: RHB Edmund Swanson 0-0: Called Strike
0-1: Ball
1-1: Swinging Strike
1-2: Foul Ball, location: 2F
1-2: Ball
2-2: Ball
3-2: Base on Balls
Travis Martin to second
Batting: LHB Ryan Flynn 0-0: Swinging Strike
0-1: Swinging Strike
0-2: Strikes out swinging
Batting: LHB Dennis McConnell 0-0: Called Strike
0-1: Called Strike
0-2: Ball
1-2: Fielders Choice at 2nd, 6-4 (Groundball, 6)
Ethan Moore scores
Travis Martin to third
Pitching: RHP José Estrada
Batting: SHB Johnny Jackson 0-0: Ball
1-0: Fielders Choice at 2nd, 5-4 (Groundball, 56)
Top of the 8th over - 3 runs, 2 hits, 0 errors, 2 left on base; Reading 5 - Rio Grande 9
BOTTOM OF THE 8TH
Rio Grande Rattlesnake batting - Pitching for Reading Rainbows : LHP Jorge Torres
Batting: SHB Arnold Moore 0-0: Ball
1-0: SINGLE (Line Drive, 56)
Batting: RHB Matt Dickson 0-0: Ball
1-0: Ball
2-0: Called Strike
2-1: Ball
3-1: Fielders Choice at 2nd, 3-6 (Groundball, 3)
Batting: RHB Geomar Dalsoglio 0-0: Called Strike
0-1: Fly out, F7 (Flyball, 78S)
Batting: RHB José Méndez 0-0: Ball
1-0: Called Strike
1-1: Foul Ball, location: 2F
1-2: Foul Ball, location: 2F
1-2: Ball
2-2: Ball
3-2: Base on Balls
Matt Dickson to second
Batting: LHB Alberto Roberts 0-0: Ball
1-0: Called Strike
1-1: SINGLE (Groundball, 4MD)
Matt Dickson to third
José Méndez to second
Batting: LHB Shawn Brown 0-0: Ground out 4-3 (Groundball, 4)
Bottom of the 8th over - 0 runs, 2 hits, 0 errors, 3 left on base; Reading 5 - Rio Grande 9
TOP OF THE 9TH
Reading Rainbows batting - Pitching for Rio Grande Rattlesnake : RHP José Estrada
Batting: LHB Ramón Morán 0-0: Ball
1-0: Ball
2-0: Called Strike
2-1: Ball
3-1: Called Strike
3-2: Base on Balls
Batting: RHB José Moreno 0-0: Grounds into double play, 4-6-3 (Groundball, 4)
Batting: RHB Allen Hobbs 0-0: Ball
1-0: Ball
2-0: Reached via error on a dropped throw, E3
Batting: RHB Ethan Moore 0-0: Foul Ball, location: 2F
0-1: Foul Ball, location: 2F
0-2: Strikes out looking
Top of the 9th over - 0 runs, 0 hits, 1 error, 1 left on base; Reading 5 - Rio Grande 9
Saturday, December 16th, 2017 - OOTP Baseball 18.8 Build 76